 Dungeon Crawl Stone Soup version 0.23.2-1-ga50397a (webtiles) character file.

Game seed: 8113214546678166722

35 wilfster70 the Vexing (level 3, 0/19 HPs)
             Began as a Deep Elf Enchanter on May 10, 2019.
             Succumbed to an adder's poison
             ... on level 1 of the Dungeon.
             The game lasted 00:04:20 (1727 turns).

wilfster70 the Vexing (Deep Elf Enchanter)          Turns: 1727, Time: 00:04:20

Health: 0/19       AC:  2    Str: 10    XL:     3   Next: 16%
Magic:  2/10       EV: 15    Int: 25    God:
Gold:   80         SH:  0    Dex: 15    Spells: 6/9 levels left

rFire    . . .     SeeInvis .   a - +1 dagger
rCold    . . .     Gourm    .   (no shield)
rNeg     . . .     Faith    .   b - +0 robe
rPois    .         Spirit   .   (no helmet)
rElec    .         Reflect  .   (no cloak)
rCorr    .         Harm     .   (no gloves)
MR       .....                  (no boots)
Stlth    +++.......             (no amulet)
HPRegen  0.06/turn              n - +2 ring of evasion
MPRegen  0.12/turn              l - ring of wizardry

@: mighty, brilliant, lethally poisoned (0 -> -4)
A: no striking features
a: no special abilities


You were on level 1 of the Dungeon.
You were very hungry.

You visited 1 branch of the dungeon, and saw 2 of its levels.

You collected 80 gold pieces.

Inventory:

Hand Weapons
 a - a +1 dagger (weapon)
Missiles
 k - 34 stones (quivered)
Armour
 b - a +0 robe (worn)
 e - +0 ice dragon scales
 o - a cursed +0 helmet
Jewellery
 g - an uncursed ring of ice
 i - an uncursed ring of resist corrosion
 l - a ring of wizardry (right hand)
 n - a +2 ring of evasion (left hand)
Scrolls
 c - 2 scrolls of random uselessness {unknown}
 h - a scroll of immolation {unknown}
 m - a scroll of identify {unknown}
Comestibles
 d - 2 rations


   Skills:
 + Level 1.5 Short Blades
 - Level 2.4 Dodging
 + Level 4.1 Stealth
 * Level 3.9 Spellcasting
 + Level 4.4 Hexes


You had 6 spell levels left.
You knew the following spells:

 Your Spells              Type           Power        Failure   Level  Hunger
a - Corona                Hex            #####..      1%          1    None
b - Ensorcelled Hibernat  Hex/Ice        ####..       1%          2    #......

Your spell library contained the following spells:

 Spells                   Type           Power        Failure   Level  Hunger
 Confuse                  Hex            #####...     1%          3    ##.....
 Dazzling Spray           Conj/Hex       ####..       1%          3    ##.....
 Tukima's Dance           Hex            #####...     1%          3    ##.....


Dungeon Overview and Level Annotations

Branches:
Dungeon (2/15)

Altars:

Annotations:
D:2 Terence


Message History

The adder is heavily wounded.
The adder misses you.
It was a potion of might.
You feel very mighty all of a sudden.
* * * LOW HITPOINT WARNING * * *
You feel sick.
The adder bites you but does no damage. x2
It was a potion of brilliance.
You feel clever all of a sudden. The adder misses you.
You puncture the adder!
You kill the adder!
You have reached level 3!
Your experience leads to an increase in your attributes!
Your base attributes are Str 5, Int 19, Dex 15.
Increase (S)trength, (I)ntelligence, or (D)exterity?
You feel clever.
There is a lethal amount of poison in your body!
* * * LOW HITPOINT WARNING * * *
You feel sick.
You die...

##.##.### #....[...
#..##..## #..##..##
#..##..##
########..##..##
#.............##
#######.######...#####
#....@................
#.#####.##.>##..######
#.# ###.##..##........
#.# #.......##..######
#.# #.#####.##..# #..
#.# #.# #(##..####.#
#.# #.# #.##.....#.#
#.###.#####.###..#.#.#
#...........# #.......


There were no monsters in sight!

Vanquished Creatures
  An adder (D:1)
  A dart slug (D:1)
  2 leopard geckos (D:1)
  2 bats (D:1)
  3 goblins (D:1)
  2 hobgoblins (D:1)
  2 jackals (D:1)
  3 kobolds (D:1)
  3 rats (D:1)
19 creatures vanquished.

Notes
Turn   | Place    | Note
-------+----------+-------------------------------------------
     0 | D:1      | wilfster70 the Deep Elf Enchanter began the quest for the
                  | Orb.
     0 | D:1      | Reached XP level 1. HP: 10/10 MP: 6/6
   509 | D:1      | Reached XP level 2. HP: 6/15 MP: 6/8
   513 | D:1      | Learned a level 2 spell: Ensorcelled Hibernation
  1547 | D:2      | Noticed Terence
  1721 | D:1      | Reached XP level 3. HP: 2/19 MP: 1/10
  1727 | D:1      | Succumbed to an adder's poison

Skill      XL: |  1  2 |
---------------+-------+-----
Stealth        | 4 |  4.1
Short Blades   | |  1.5
Dodging        | |  2.4
Spellcasting   | |  3.9
Hexes          | |  4.4

Action                   || total
-------------------------++-------
Melee: Dagger            ||    80
 Cast: Corona            ||     7
       Ensorcelled Hiber ||    18
  Use: Potion            ||     2
 Stab: Sleeping          ||    13
  Eat: Chunk             ||     2
Armor: Robe              ||    19
Dodge: Dodged            ||    69
